 Dungeon Crawl Stone Soup version 0.30-a0-394-g3e4acdb0ae (webtiles) character file.

Game seed: 15986470418356451341

5428 ketsa the Basher (level 10, -3/93 HPs)
             Began as a Minotaur Berserker on Dec 7, 2022.
             Was an Elder of Trog.
             Killed from afar by an electric eel (10 damage)
             ... with a bolt of electricity
             ... on level 9 of the Dungeon.
             The game lasted 00:28:09 (10195 turns).

ketsa the Basher (Minotaur Berserker)              Turns: 10195, Time: 00:28:09

Health: -3/93      AC: 10    Str: 24    XL:     10   Next: 40%
Magic:  9/9        EV: 12    Int:  4    God:    Trog [****..]
Gold:   409        SH:  0    Dex: 18    Spells: 9/9 levels left

rFire   . . .      SeeInvis .    D - +2 mace (vorpal)
rCold   . . .      Faith    .    (no shield)
rNeg    . . .      Spirit   .    v - +1 acid dragon scales
rPois   .          Reflect  .    (helmet restricted)
rElec   .          Harm     .    (no cloak)
rCorr   +          Rampage  .    E - +0 pair of gloves
Will    .....                    (no boots)
Stlth   +.........               (no amulet)
HPRegen 0.35/turn                m - +6 ring of dexterity
MPRegen 0.11/turn                (no ring)

@: no status effects
A: horns 2, retaliatory headbutt
a: Renounce Religion, Berserk, Trog's Hand, Brothers in Arms


You were on level 9 of the Dungeon.
You worshipped Trog.
Trog was greatly pleased with you.
You visited 2 branches of the dungeon, and saw 10 of its levels.

You collected 409 gold pieces.

Inventory:

Hand Weapons
 a - a +0 mace
 D - a +2 vorpal mace (weapon)
Missiles
 g - 3 datura-tipped darts (quivered)
 p - 14 poisoned darts
 s - 7 boomerangs
 H - 4 curare-tipped darts
Armour
 e - a +0 scale mail
 q - a +0 kite shield
 v - +1 acid dragon scales (worn)
 B - a +0 chain mail
 E - a +0 pair of gloves (worn)
 L - a +3 scale mail
 N - a scarf of harm
Jewellery
 m - a +6 ring of dexterity (left hand)
Wands
 r - a wand of roots (7)
 y - a wand of flame (13)
 A - a wand of mindburst (9)
Scrolls
 c - 7 scrolls of identify
 h - a scroll of silence {unknown}
 j - 2 scrolls of teleportation {unknown}
 l - 2 scrolls of immolation {unknown}
 n - a scroll of vulnerability {unknown}
 o - 2 scrolls of magic mapping {unknown}
 t - 2 scrolls of brand weapon {unknown}
 u - 3 scrolls of poison {unknown}
 z - 2 scrolls of amnesia {unknown}
 C - 3 scrolls of fog {unknown}
 F - a scroll of noise {unknown}
 G - 2 scrolls of enchant armour {unknown}
 I - a scroll of summoning {unknown}
 M - a scroll of torment {unknown}
Potions
 b - a potion of heal wounds {unknown}
 d - a potion of invisibility
 f - a potion of flight
 i - a potion of haste
 k - 3 potions of curing
 w - 3 potions of might
 x - a potion of resistance
 J - a potion of attraction {unknown}
 K - a potion of mutation {unknown}


   Skills:
 + Level 10.1 Fighting
 * Level 13.7 Maces & Flails
 + Level 9.2 Armour
 - Level 2.1 Dodging


You had 9 spell levels left.
You didn't know any spells.
Your spell library was empty.

Dungeon Overview and Level Annotations

Branches:
Dungeon (9/15)             Temple (1/1) D:7            Lair (0/5) D:9
    Orc: D:9-12

Altars:
Ashenzari
Cheibriados
Dithmenos
Elyvilon
Fedhas
Gozag
Hepliaklqana
Kikubaaqudgha
Nemelex Xobeh
Okawaru
Qazlal
Ru
Sif Muna
Trog
Uskayaw
Vehumet
Wu Jian
Xom
Yredelemnul
Zin
The Shining One

Shops:
D:1 [*(=   D:6 (   D:8 ((


Innate Abilities, Weirdness & Mutations

You have a pair of horns on your head.
You reflexively headbutt those who attack you in melee.


Message History

You start resting.
HP restored.
The electric eel shoots out a bolt of lightning at you!
The bolt of electricity misses you.
You closely miss the electric eel. Your headbutt misses the electric eel.
The electric eel shoots out a bolt of lightning at you!
The bolt of electricity hits you! x2
The bolt of electricity misses the electric eel.
You hit the electric eel.
The electric eel is lightly wounded.
The electric eel shoots out a bolt of lightning at you!
The bolt of electricity hits you!
You sock the electric eel! Your headbutt misses the electric eel.
The electric eel is heavily wounded.
You closely miss the electric eel.
The electric eel is heavily wounded.
The electric eel shoots out a bolt of lightning at you!
The bolt of electricity hits you!
The electric eel shoots out a bolt of lightning at you!
The bolt of electricity hits you!
The electric eel shoots out a bolt of lightning at you!
The bolt of electricity hits you.
You barely miss the electric eel.
The electric eel is heavily wounded.
The electric eel shoots out a bolt of lightning at you!
The bolt of electricity hits you!
The electric eel shoots out a bolt of lightning at you!
The bolt of electricity hits you!
* * * LOW HITPOINT WARNING * * *
The electric eel shoots out a bolt of lightning at you!
The bolt of electricity hits you!
* * * LOW HITPOINT WARNING * * *
The bolt of electricity hits you!
* * * LOW HITPOINT WARNING * * *
The bolt of electricity hits the electric eel.
The electric eel completely resists.
You feel better.
The electric eel shoots out a bolt of lightning at you!
The bolt of electricity hits you!
You die...

......# ##
#....~≈~..~.. ~≈≈~
......+ .#
#.~~S.~(~...~ ~~~~
......# ......≈≈~~(.>..
.... ......#
.#.)~~≈~~~.... ~~≈≈
....<.# ....≈≈≈≈.~ .≈~≈
'###### #...S≈≈~~~ ~~≈≈
.##### #..~~≈≈≈≈≈ ≈~.~
.....# #..~~.~≈≈≈ ~~..
####.#### #@S....~≈≈
.... ........#
#......≈~~ ....
........# #.######..
...# ........#
######.###### . ...
........###...........+
.
........##..####.######
...........## #..#
........#### ##.#
........# .#


You could see 3 electric eels.

Vanquished Creatures
  A boulder beetle (D:7)
  Maggie (D:7)
  A troll (D:9)
  2 wyverns
  A shadow (D:9)
  A steam dragon (D:8)
  An acid dragon (D:6)
  3 water moccasins
  2 orc warriors
  2 black bears (D:6)
  An ice beast (D:7)
  2 ogres
  3 centaurs
  2 wolves (D:9)
  2 phantoms (D:6)
  A kobold brigand (D:9)
  2 bullfrogs
  A gnoll sergeant (D:9)
  2 necrophages
  5 scorpions
  8 wights
  A jelly (D:7)
  An electric eel (D:9)
  2 howler monkeys (D:7)
  A centaur zombie (D:6)
  7 hounds
  2 orc priests (D:9)
  A gnoll bouda (D:7)
  Jessica (D:3)
  3 iguanas
  9 orc wizards
  Terence (D:2)
  Robin (D:2)
  12 gnolls
  7 adders
  2 shadow imps (D:7)
  2 white imps
  An ufetubus (D:5)
  A worm (D:4)
  A dart slug (D:4)
  20 orcs
  5 ball pythons
  9 endoplasms
  A giant cockroach (D:3)
  15 goblins
  8 hobgoblins
  10 jackals
  4 quokkas
  6 bats
  A goblin skeleton (D:8)
  2 hobgoblin zombies (D:8)
  13 kobolds
  2 kobold zombies (D:8)
  3 orc skeletons (D:8)
  3 orc zombies (D:8)
  7 rats
209 creatures vanquished.

Vanquished Creatures (others)
  An orc (D:9)
1 creature vanquished.

Grand Total: 210 creatures vanquished

Notes
Turn   | Place    | Note
-------+----------+-------------------------------------------
     0 | D:1      | ketsa the Minotaur Berserker began the quest for the Orb.
     0 | D:1      | Reached XP level 1. HP: 19/19 MP: 0/0
    44 | D:1      | Reached skill level 4 in Maces & Flails
    67 | D:1      | Reached XP level 2. HP: 27/27 MP: 1/1
   121 | D:1      | Found Temionab's Weapon Shoppe.
   330 | D:1      | Found Zacuh's Armour Shoppe.
   342 | D:1      | Found Idiru's General Store.
   503 | D:1      | You fall into a shaft and drop 1 floor!
   574 | D:2      | Reached XP level 3. HP: 33/33 MP: 2/2
   669 | D:1      | Reached skill level 5 in Maces & Flails
   688 | D:1      | Found Putzej's Jewellery Shop.
   704 | D:1      | Reached ** piety under Trog
  1124 | D:2      | Reached XP level 4. HP: 32/41 MP: 3/3
  1167 | D:2      | Noticed Terence
  1176 | D:2      | Killed Terence
  1519 | D:3      | Noticed Robin
  1548 | D:2      | Killed Robin
  1715 | D:3      | Reached skill level 6 in Maces & Flails
  1744 | D:3      | Found a broken altar of Ashenzari.
  1940 | D:3      | Reached XP level 5. HP: 47/47 MP: 4/4
  2054 | D:3      | Noticed Jessica
  2062 | D:3      | Killed Jessica
  2063 | D:3      | Reached skill level 5 in Fighting
  2423 | D:4      | Reached *** piety under Trog
  2424 | D:4      | Reached skill level 7 in Maces & Flails
  2424 | D:4      | Reached XP level 6. HP: 34/56 MP: 5/5
  2971 | D:5      | Entered Level 5 of the Dungeon
  3333 | D:5      | Reached XP level 7. HP: 56/62 MP: 6/6
  3861 | D:5      | Reached skill level 8 in Maces & Flails
  4801 | D:6      | Reached skill level 9 in Maces & Flails
  4801 | D:6      | Reached skill level 5 in Armour
  4811 | D:6      | Reached XP level 8. HP: 63/71 MP: 7/7
  5248 | D:6      | Reached skill level 10 in Maces & Flails
  5499 | D:6      | Reached **** piety under Trog
  5868 | D:6      | Found Uvvaodar's Weapon Emporium.
  6020 | D:6      | Reached XP level 9. HP: 62/81 MP: 8/8
  6285 | D:7      | Reached skill level 11 in Maces & Flails
  6393 | D:7      | Noticed Maggie
  6413 | D:7      | Killed Maggie
  7166 | D:7      | Noticed a boulder beetle
  7168 | D:7      | Found a staircase to the Ecumenical Temple.
  7199 | D:7      | Noticed a +0 spear
  7200 | D:7      | Noticed a +0 falchion
  7200 | D:7      | Noticed a +0 short sword
  7201 | D:7      | Noticed a +0 falchion
  7201 | D:7      | Noticed a +0 dagger
  7201 | D:7      | Noticed a +0 short sword
  7201 | D:7      | Noticed a +0 spear
  7202 | D:7      | Noticed a +0 dagger
  7213 | D:7      | Found a hide-covered altar of Uskayaw.
  7327 | Temple   | Entered the Ecumenical Temple
  7592 | D:7      | Killed a boulder beetle
  7593 | D:7      | Reached skill level 12 in Maces & Flails
  8092 | D:8      | Found a glowing golden altar of the Shining One.
  8198 | D:8      | Found Mieq's Antique Weapon Boutique.
  8573 | D:8      | Found a glowing silver altar of Zin.
  8580 | D:8      | Found a stormy altar of Qazlal.
  8585 | D:8      | Found a bloodstained altar of Trog.
  8634 | D:8      | Reached XP level 10. HP: 75/91 MP: 9/9
  8721 | D:8      | Reached skill level 13 in Maces & Flails
  8773 | D:8      | Found Danlen's Weapon Shop.
  9397 | D:9      | Found a staircase to the Lair.
  9403 | D:9      | Reached skill level 10 in Fighting
 10194 | D:9      | HP: 2/93 [electric eel/bolt of electricity (8)]
 10195 | D:9      | Killed from afar by an electric eel

Illustrated notes

Levels and vault maps discovered:
D:1:      dpeg_arrival_simpleton_b, layout_loops_ring, serial_shops,
          nicolae_square_shop, nicolae_shop_bloodbath_and_beyond, shop_statue,
          shop
D:2:      layout_rooms, serial_bayou_pond_d, uniq_terence
D:3:      layout_basic, mainiacjoe_overflow_alcove_1, st_stairs_1, uniq_jessica,
          uniq_robin
D:4:      layout_gridville, kennysheep_potato
D:5:      layout_gridville
D:6:      layout_loops_ring, serial_undead, serial_undead_a, serial_undead_e,
          serial_undead_d, serial_undead_c, serial_shops, shop
D:7:      layout_loops_corners, nicolae_uskayaw_en_pointe,
          minmay_temple_entry_waves, uniq_maggie
D:8:      layout_basic, nicolae_tso_besieged_by_evil,
          minmay_overflow_temple_star_quad, serial_shops,
          nicolae_shop_waterfront, shop, dk_noncrumbling_3
D:9:      layout_roguey, demons_altar, erik_lair_island, uniq_joseph
Temple:   regret_index_temple_generic_petals

Skill      XL: |  1  2  3  4  5  6  7  8  9 10 |
---------------+-------------------------------+-----
Maces & Flails | 4 5 6 7 9 10 12 13 | 13.7
Fighting       | 4 5 6 8 9 10 | 10.1
Armour         | 3 5 6 8 9 |  9.2
Dodging        | |  2.1

Action                   |  1- 3 |  4- 6 |  7- 9 | 10-12 || total
-------------------------+-------+-------+-------+-------++-------
Melee: Mace              |    84 |   115 |   262 |    88 ||   549
       Headbutt          |     9 |    18 |    55 |    10 ||    92
       Punch             |       |     1 |     4 |     3 ||     8
Throw: Dart              |     2 |     4 |     1 |     3 ||    10
Invok: Berserk           |       |     3 |     7 |     4 ||    14
       Trog's Hand       |       |       |     2 |     2 ||     4
  Use: Scroll            |       |     1 |     6 |       ||     7
       Potion            |       |       |       |     2 ||     2
 Stab: Sleeping          |     1 |       |       |       ||     1
Armor: Animal skin       |     4 |       |       |       ||     4
       Ring mail         |    20 |    43 |    21 |       ||    84
       Acid dragon scale |       |       |    44 |    57 ||   101
       Chain mail        |       |       |    12 |       ||    12
Dodge: Dodged            |    72 |    77 |   100 |    83 ||   332

Table legend: (Time is in decaauts)
 A = Elapsed time spent in this place.
 B = Non-inter-level travel time spent in this place.
 C = Inter-level travel time spent in this place.
 D = Time resting spent in this place.
 E = Time spent auto-exploring this place.
 F = Levels seen in this place.
 G = Mean time per level.
                   A        B        C        D        E       F      G
               +--------+--------+--------+--------+--------+-----+--------+
         Total |  10291 |   9853 |    438 |   3536 |   3449 |  10 | 1029.1 |
       Dungeon |  10060 |   9651 |    409 |   3536 |   3256 |   9 | 1117.8 |
        Temple |    230 |    201 |     29 |      0 |    193 |   1 |  230.0 |
               +--------+--------+--------+--------+--------+-----+--------+

Top non-repeatable levels by time:
     D:5: 1806 daAuts
     D:7: 1528 daAuts
     D:6: 1486 daAuts
     D:9: 1097 daAuts
     D:8: 1088 daAuts
     D:1: 959 daAuts
     D:4: 731 daAuts
     D:2: 688 daAuts
     D:3: 674 daAuts
  Temple: 230 daAuts
